 Dungeon Crawl Stone Soup version 0.30.0-18-gc0e69614cb (webtiles) character file.

Game seed: 14456444545911199600

94 Irreverend the Magician (level 4, 2/31 HPs)
             Began as a Djinni Fire Elementalist on May 25, 2023.
             Quit the game on level 3 of the Dungeon.
             The game lasted 00:03:55 (2278 turns).

Irreverend the Magician (Djinni Fire Elementalist)  Turns: 2278, Time: 00:03:55

Health: 2/31       AC:  2    Str: 11    XL:     4   Next: 94%
Gold:   167        EV: 13    Int: 18    God:
                   SH:  0    Dex: 12

rFire   + + .        (no weapon)
rCold   x . .        (no shield)
rNeg    . . .        a - +0 robe
rPois   ∞            (helmet restricted)
rElec   .            (no cloak)
rCorr   .            (no gloves)
SInv    .            (boots unavailable)
Will    .....        (no amulet)
Stlth   ++           (no ring)
HPRegen 0.25/turn    (no ring)
MPRegen 0.00/turn

%: random rage (3%)
@: flying, very slightly contaminated
A: sickness immunity, fire resistance 2, cold vulnerability 1, float, innate
caster, HP casting, extra vitality 1, horns 1, berserk 1, deterioration 1,
strong 1
a: no special abilities


You were on level 3 of the Dungeon.
You visited 1 branch of the dungeon, and saw 3 of its levels.

You collected 167 gold pieces.

Inventory:

Armour
 a - a +0 robe (worn)
Jewellery
 l - a ring of positive energy
Scrolls
 b - 2 scrolls of enchant armour {unknown}
 c - a scroll of immolation {unknown}
 e - 4 scrolls of identify {unknown}
 g - a scroll of fear {unknown}
 i - a scroll of noise {unknown}
Potions
 d - 3 potions of curing {unknown}
 h - 2 potions of ambrosia {unknown}
 j - a potion of might {unknown}
 k - 2 potions of heal wounds {unknown}


   Skills:
 + Level 0.0 Fighting
 + Level 3.4 Dodging
 - Level 1.6 Stealth
 * Level 3.5 Spellcasting


You knew the following spells:

 Your Spells              Type           Power      Damage    Failure   Level
a - Foxfire               Conj/Fire      64%        2x1d7     3%          1
b - Scorch                Fire           32%        2d6       5%          2
c - Volatile Blastmotes   Fire/Tloc      32%        2d12      11%         3
d - Inner Flame           Hex/Fire       16%        N/A       11%         3
e - Flame Wave            Conj/Fire      16%        2d7       34%         4
f - Beastly Appendage     Tmut           32%        N/A       3%          1
Your spell library was empty.

Dungeon Overview and Level Annotations

Branches:
Dungeon (3/15)

Altars:

Annotations:
D:3 2 runed translucent doors, BlasphemerAmon's ghost, amateur KoFi


Innate Abilities, Weirdness & Mutations

You are immune to sickness and miasma.
You are immune to poison.
Your flesh is very heat resistant. (rF++)
You are vulnerable to cold. (rC-)
You float through the air rather than walking.
You learn spells naturally, not from books.
Your magical power is your life essence.
You have superior vitality. (+4 MHP)
You have a pair of small horns on your head.
You sometimes lose your temper in combat.
Your body sometimes deteriorates upon taking damage.
Your muscles are strong. (Str +4, Int/Dex -1)


Message History

The endoplasm hits you but does no damage.
Casting: Foxfire (safe; 3% risk of failure)
Confirm with . or Enter, or press ? or * to list all spells.
You conjure some foxfire!
The foxfire hits the endoplasm but does no damage.
The foxfire hits the endoplasm.
The endoplasm is almost dead.
The endoplasm closely misses you. The endoplasm freezes you.
You are frozen.
You feel a terrible chill!
* * * LOW HITPOINT WARNING * * *
The endoplasm closely misses you.
Casting: Foxfire (safe; 3% risk of failure)
Confirm with . or Enter, or press ? or * to list all spells.
You conjure some foxfire!
* * * LOW HITPOINT WARNING * * *
The foxfire hits the endoplasm.
The endoplasm is almost dead.
The foxfire hits the endoplasm.
You kill the endoplasm!
The endoplasm freezes you.
You are frozen.
You feel a terrible chill!
* * * LOW HITPOINT WARNING * * *
The endoplasm misses you.
The foxfire hits the endoplasm.
You kill the endoplasm!
The foxfire hits the endoplasm but does no damage.
The endoplasm is almost dead.
Casting: Foxfire (safe; 3% risk of failure)
Confirm with . or Enter, or press ? or * to list all spells.
You don't have enough health to cast this spell.
Casting: Foxfire (safe; 3% risk of failure)
Confirm with . or Enter, or press ? or * to list all spells.
You don't have enough health to cast this spell.
It was a potion of mutation.
You feel extremely strange.
You feel yourself wasting away.
You feel stronger.
You feel a little pissed off. A pair of horns grows on your head!
The endoplasm barely misses you.
Unknown command.
Are you sure you want to abandon this character and quit the game? (Confirm with "yes".)

...+...?
...+.#..
#####..#≈≈.≈
#......#..
#......#
#...<†.#######.
#..............
#.....J........
#......@..#...
#.......<.#
#.........#
#.........#
###########


You could see an endoplasm.

Vanquished Creatures
  2 adders (D:2)
  A gnoll (D:1)
  A worm (D:2)
  2 dart slugs (D:1)
  An orc (D:2)
  7 endoplasms
  2 giant cockroaches (D:1)
  7 goblins
  11 hobgoblins
  A quokka (D:2)
  4 ball pythons
  6 bats
  A frilled lizard (D:2)
  5 rats
51 creatures vanquished.

Vanquished Creatures (collateral kills)
  2 foxfires (D:1)
2 creatures vanquished.

Vanquished Creatures (others)
  95 foxfires
95 creatures vanquished.

Grand Total: 148 creatures vanquished

Notes
Turn   | Place    | Note
-------+----------+-------------------------------------------
     0 | D:1      | Irreverend the Djinni Fire Elementalist began the quest for
                  | the Orb.
     0 | D:1      | Irreverend set off with the following spells memorised:
                  | Foxfire, Scorch, Volatile Blastmotes, Inner Flame, Flame
                  | Wave.
     0 | D:1      | Reached XP level 1. HP: 15/15 MP: 0/0
   269 | D:1      | Reached XP level 2. HP: 19/21 MP: 0/0
   292 | D:1      | Found a faded altar of an unknown god.
   398 | D:1      | Reached XP level 3. HP: 23/25 MP: 0/0
   398 | D:1      | Learned a level 1 spell: Beastly Appendage
  1400 | D:2      | Reached XP level 4. HP: 25/31 MP: 0/0
  2267 | D:3      | Noticed BlasphemerAmon's ghost (amateur KoFi)
  2267 | D:3      | Found a large runed translucent door.
  2267 | D:3      | Found a large runed translucent door.
  2273 | D:3      | HP: 1/31 [frozen (6)]
  2277 | D:3      | Gained mutation: Your body sometimes deteriorates upon
                  | taking damage. [potion of mutation]
  2277 | D:3      | Gained mutation: Your muscles are strong. (Str +4, Int/Dex
                  | -1) [potion of mutation]
  2277 | D:3      | Gained mutation: You sometimes lose your temper in combat.
                  | [potion of mutation]
  2277 | D:3      | Gained mutation: You have a pair of small horns on your
                  | head. [potion of mutation]
  2278 | D:3      | Quit the game

Illustrated notes

Levels and vault maps discovered:
D:1:      giann_wishing_wells, layout_basic, dreamdust_ecumenical_altar_grove,
          minivault_23, roderic_lattice_a
D:2:      cheibrodos_greedy_goblins, layout_basic
D:3:      layout_rooms, ebering_ghost_disaster_area

Skill      XL: |  1  2  3 |
---------------+----------+-----
Spellcasting   | 3 |  3.5
Dodging        | 3 |  3.4
Stealth        | |  1.6

Action                     |  1- 3 |  4- 6 || total
---------------------------+-------+-------++-------
  Melee: Unarmed           |     7 |       ||     7
   Cast: Foxfire           |    41 |    21 ||    62
         Scorch            |    17 |    12 ||    29
    Use: Potion            |     1 |     1 ||     2
   Stab: Sleeping          |     1 |       ||     1
 Armour: Robe              |    10 |     6 ||    16
  Dodge: Dodged            |    44 |    17 ||    61
